 Dungeon Crawl Stone Soup version 0.17-a0-1069-g92ad481 (webtiles) character file.

909678 wvc the Impregnable (level 27, -14/224 HPs)
             Began as a Human Wanderer on May 14, 2015.
             Was the Champion of Cheibriados.
             Killed by dispel undead
             ... invoked by a Shadow Fiend
              (27 damage)
             ... in Pandemonium on May 17, 2015.
             The game lasted 07:43:45 (80959 turns).

wvc the Impregnable (Human Wanderer)               Turns: 80959, Time: 07:43:46

Health: -14/224    AC: 57    Str: 34      XL:     27
Magic:  35/51      EV: 34    Int: 26 (29) God:    Cheibriados [******]
Gold:   4553       SH: 22    Dex: 31      Spells: 13 memorised, 0 levels left

rFire  + . .     SeeInvis +     v - +9 demon blade (elec)
rCold  + + .     Clarity  .     Z - +9 pearl dragon armour
rNeg   + + +     SustAb   .     k - +2 shield {reflect}
rPois  ∞         Gourm    .     X - +2 helmet {rF+}
rElec  +         Spirit   .     M - +4 cloak of Ficedghadd {Slay+3}
rCorr  .         Warding  .     N - +2 pair of gloves {archery}
rMut   +         Stasis   .     e - +2 pair of boots {Stlth+}
MR     +++..                    T - amulet of resist mutation
Stlth  ++........               G - ring "Weqef" {rElec Slay+2 SInv}
                                H - ring "Atolig" {rC+ rN++ MP+9 AC+3 Dex-2}

@: lich-form, studying Stealth, repel missiles, very slow, extremely resistant
to hostile enchantments, unstealthy
A: no striking features
a: End Transformation, Bend Time, Temporal Distortion, Slouch, Step From Time,
Renounce Religion
}: 6/15 runes: barnacled, slimy, silver, demonic, glowing, gossamer


You were in Pandemonium.
You worshipped Cheibriados.
Cheibriados was exalted by your worship.
You were not hungry.
You were a lich.
You visited 11 branches of the dungeon, and saw 62 of its levels.
You visited Pandemonium 1 time, and saw 12 of its levels.
You visited the Abyss 1 time.
You visited 3 ziggurats, and saw 35 of their levels (deepest: 13).
You also visited: Volcano.

You collected 11436 gold pieces.
You spent 6883 gold pieces at shops.

Inventory:

Hand weapons
 a - a +9 double sword of holy wrath
 v - a +9 demon blade of electrocution (weapon)
 w - a +9 eudemon blade of holy wrath
Armour
 e - a +2 pair of boots of stealth (worn)
 k - a +2 shield of reflection (worn)
 M - the +4 cloak of Ficedghadd (worn) {Slay+3}
   (You bought it in a shop on level 5 of the Vaults)

   It affects your accuracy and damage with ranged weapons and melee attacks
   (+3).
 N - a +2 pair of gloves of archery (worn)
 U - the +18 shield of the gong {rElec rN+ MR+ EV-5}
   (You found it on level 3 of the Spider Nest)

   It affects your evasion (-5).
   It insulates you from electricity.
   It protects you from negative energy.
   It affects your resistance to hostile enchantments.
 W - the +8 orange crystal plate armour {Archmagi, Int+3 Clar SustAb}
   (You bought it in a shop on level 5 of the Vaults)

   It affects your intelligence (+3).
   It sustains your strength, intelligence and dexterity.
   It protects you against confusion.
 X - a +2 helmet of fire resistance (worn)
 Z - a +9 pearl dragon armour (worn)
Magical staves
 b - an uncursed staff of wizardry
Rods
 A - a -3 rod of destruction (12/12)
   (You took it off an infernal demonspawn in Pandemonium)
Jewellery
 g - the ring of Pyefuis {rF++ Str-2 Int-3 Stlth+}
   (You found it on level 10 of a ziggurat)

   [ring of intelligence]

   It affects your strength (-2).
   It affects your intelligence (-3).
   It greatly protects you from fire.
   It makes you more stealthy.
 i - an uncursed amulet of stasis
 u - an uncursed amulet of resist corrosion
 C - the ring of Shaolin {EV+8}
   (You found it on level 6 of the Pits of Slime)

   [ring of evasion]

   It affects your evasion (+8).
 E - an uncursed amulet of regeneration
 G - the ring "Weqef" (right hand) {rElec Slay+2 SInv}
   (You found it on level 9 of a ziggurat)

   [ring of slaying]

   It affects your accuracy and damage with ranged weapons and melee attacks
   (+2).
   It insulates you from electricity.
   It lets you see invisible.
 H - the ring "Atolig" (left hand) {rC+ rN++ MP+9 AC+3 Dex-2}
   (You found it on level 5 of the Depths)

   [ring of protection]

   It affects your AC (+3).
   It affects your dexterity (-2).
   It protects you from cold.
   It greatly protects you from negative energy.
   It affects your magic capacity (+9).
 I - an uncursed ring of poison resistance
 T - an amulet of resist mutation (around neck)
Magical devices
 o - a wand of teleportation (5)
 s - a wand of heal wounds (1)
 J - a wand of disintegration (3)
 K - a wand of digging (11)
Scrolls
 c - 12 scrolls of fog
 f - 24 scrolls of teleportation
 j - 27 scrolls of remove curse
 m - 50 scrolls of identify
 q - a scroll of holy word
 D - 11 scrolls of magic mapping
 O - 9 scrolls of recharging
 Q - 4 scrolls of silence
 R - 2 scrolls of brand weapon
 V - 12 scrolls of blinking
Potions
 h - 4 potions of cancellation
 l - 16 potions of curing
 n - 11 potions of cure mutation
 p - 7 potions of brilliance
 t - 6 potions of flight
 z - 7 potions of magic
 B - 2 potions of might
 P - 5 potions of heal wounds
 Y - 4 potions of agility
Books
 r - a Necronomicon

   Spells                             Type                      Level
   a - Haunt                          Necromancy/Summoning         7
   b - Borgnjor's Revivification      Necromancy                   8
   c - Death's Door                   Charms/Necromancy            8
   d - Necromutation                  Transmutation/Necromancy     8
 y - a manual of Stealth
Miscellaneous
 x - a lamp of fire
 L - a phial of floods
Comestibles
 d - 30 bread rations
 F - 40 meat rations


   Skills:
 - Level 20.0 Fighting
   Level 3.0(14.5) Short Blades
 - Level 20.9(21.0) Long Blades
 - Level 1.0 Throwing
 - Level 25.0 Armour
 - Level 20.0 Dodging
 - Level 22.0 Shields
 - Level 15.5 Spellcasting
 + Level 12.7 Charms
 * Level 21.6 Necromancy
 + Level 2.4 Translocations
 - Level 15.0 Transmutations
 - Level 5.0 Air Magic
 * Level 15.5 Earth Magic
 - Level 8.0 Invocations
 - Level 3.5 Evocations


You couldn't memorise any spells.
You knew the following spells:

 Your Spells              Type           Power        Failure   Level  Hunger
a - Repel Missiles        Chrm/Air       ######       1%          2    N/A
b - Statue Form           Trmt/Erth      #######..    1%          6    N/A
c - Stoneskin             Trmt/Erth      #######.     0%          2    N/A
d - Apportation           Tloc           ####......   1%          1    N/A
e - Control Teleport      Chrm/Tloc      ######....   1%          4    N/A
f - Spectral Weapon       Hex/Chrm       ######..     1%          3    N/A
g - Regeneration          Chrm/Necr      ########..   0%          3    N/A
h - Blink                 Tloc           N/A          2%          2    N/A
i - Necromutation         Trmt/Necr      ########..   14%         8    N/A
j - Dragon Form           Trmt           #######...   10%         7    N/A
k - Shatter               Erth           #######...   100%        9    N/A
l - Silence               Hex/Air        ####......   43%         5    N/A
m - Dispel Undead         Necr           ########     0%          5    N/A

Dungeon Overview and Level Annotations

Branches:
Dungeon (15/15)            Temple (0/1) D:4            Lair (8/8) D:10
 Shoals (4/4) Lair:4       Spider (4/4) Lair:3        Slime (6/6) Lair:8
    Orc (4/4) D:12            Elf (3/3) Orc:3        Vaults (5/5) D:14
  Crypt (3/3) Vaults:2       Tomb (0/3) Crypt:3      Depths (5/5) D:15
    Zot (5/5) Depths:5

Altars:
Ashenzari
Cheibriados
Dithmenos
Fedhas
Kikubaaqudgha
Nemelex Xobeh
Okawaru
Qazlal
Ru
Sif Muna
Vehumet
Xom
Zin
The Shining One
Beogh

Shops:
D:4 [(   Orc:4 ([*:   Elf:2 (*   Elf:3 %}*   Shoals:1 [   Vaults:1 }(
Vaults:5 [   Depths:1 *

Portals:
Hell: Depths:1 Depths:2 Depths:3 Depths:4
Abyss: Depths:1 Depths:3 Depths:4
Pandemonium: Depths:1 Depths:2

Annotations:
D:8 exclusion: door
Spider:2 Arachne


Message History

You hear the crackle of electricity.
v - a +9 demon blade of electrocution (weapon)
The Shadow Fiend roars!
You slash the Shadow Fiend!
The Shadow Fiend is heavily wounded.
The Shadow Fiend gestures at you.
You convulse!
* * * LOW HITPOINT WARNING * * *
A torturous chaos champion comes into view.
It is wielding a dire flail.
The torturous chaos champion shouts!
You hit the Shadow Fiend.
The Shadow Fiend is heavily wounded.
The hellwing disappears!
The ynoxinul gestures.
Unknown command.
You completely miss the Shadow Fiend.
The Shadow Fiend is heavily wounded.
The Shadow Fiend gestures at you.
You convulse!
You die...

..............
.............
............
...........
?.........##
...........#
..........^##
.......L....#
......1...#.......
....:1.####.......
##..4## #......
#.§. #....? #.35
..... #56 .... 1#.
....


You could see 3 Shadow Fiends, a torturous chaos champion, an orange demon, a
ynoxinul and 2 ufetubi.

Vanquished Creatures
  the royal jelly (Slime:6)
  A seraph (Pan)
  Mnoleg (Pan)
  6 ancient liches
  5 greater mummies (Zig:11)
  Sojobo (Crypt:2)
  4 pandemonium lords (Pan)
  Norris (Elf:2)
  4 Killer Klowns
  The ghost of Pikaro the Cloud Mage, a great TeAE of Vehumet (Vaults:4)
  12 golden dragons
  4 caustic shrikes
  Nikola (Spider:1)
  The ghost of Githyanki the Executioner, a mighty DDFi of Makhleb (Slime:5)
  2 profane servitors
  2 pearl dragons (Pan)
  5 bone dragons
  8 Brimstone Fiends
  6 electric golems
  Jorgrun (Shoals:3)
  28 tentacled monstrosities
  Rupert (Lair:5)
  3 Ice Fiends (Pan)
  10 Hell Sentinels
  5 liches
  6 Orb Guardians (Zot:5)
  Asterion (Vaults:3)
  4 deep elf blademasters
  3 quicksilver dragons
  5 Shadow Fiends (Pan)
  A sphinx (shapeshifter) (Depths:5)
  2 titans (Vaults:5)
  3 deep elf master archers
  8 Executioners (Pan)
  23 acid blobs
  Polyphemus (Shoals:3)
  An eldritch tentacle (Pan)
  4 sphinxes
  4 tentacled starspawn
  Gastronok (D:8)
  6 octopode crushers
  7 ancient champions
  7 shadow dragons
  Frances (Elf:1)
  Kirke (Shoals:1)
  8 tengu reavers
  A shadow dragon (shapeshifter) (Vaults:5)
  17 storm dragons
  2 revenants (Crypt:1)
  18 azure jellies
  6 draconian monks
  Roxanne (Spider:3)
  19 daevas (Pan)
  Ilsuiw (Shoals:4)
  22 vault wardens
  15 frost giants
  5 greater nagas (Zig:12)
  Maud (Lair:4)
  5 draconian knights
  17 fire giants
  3 iron dragons
  Louise (Spider:2)
  5 orc warlords
  15 ghost moths
  4 draconian scorchers
  4 curse skulls
  7 warmongers (Pan)
  7 draconian zealots
  11 deep elf sorcerers
  An emperor scorpion (shapeshifter) (Vaults:5)
  7 emperor scorpions
  8 cacodemons
  11 balrugs
  2 spriggan defenders
  10 ghouls
  5 draconian shifters
  A caustic shrike skeleton (Zig:11)
  5 draconian annihilators
  22 stone giants
  7 reapers
  29 angels (Pan)
  5 war gargoyles
  16 ironheart preservers
  13 very ugly things
  A corrupter (Pan)
  4 draconian callers
  25 ophanim (Pan)
  5 blood saints (Pan)
  4 bennus (Depths:1)
  7 vampire knights
  2 lorocyprocas (Pan)
  11 deep elf demonologists
  30 apis (Pan)
  15 red draconians
  9 black draconians
  11 yellow draconians
  Azrael (Elf:1)
  10 rakshasas
  10 green draconians
  4 chaos champions (Pan)
  11 purple draconians
  15 deep elf annihilators
  18 mottled draconians
  12 white draconians
  6 black suns
  9 deep elf death magi
  8 death oozes
  6 eidola
  8 merfolk javelineers
  3 crystal guardians (Crypt:3)
  22 fire dragons
  7 green deaths
  7 blizzard demons
  37 vault guards
  9 great orbs of eyes
  3 mummy priests (Zig:11)
  Josephine (Lair:4)
  A quicksilver dragon zombie (Crypt:3)
  19 ettins
  11 merfolk impalers
  20 ice dragons
  21 jiangshi
  A caustic shrike simulacrum (Depths:1)
  10 death cobs
  Harold (D:10)
  3 hydras
  A quicksilver dragon skeleton (Depths:1)
  22 yaktaur captains
  2 naga warriors
  A great orb of eyes (shapeshifter) (Vaults:3)
  12 centaur warriors
  8 spriggan air magi
  6 entropy weavers
  10 deep elf high priests
  9 monstrous demonspawn (Pan)
  A hydra (shapeshifter) (Depths:3)
  11 ogre magi
  2 satyrs
  3 hell beasts (Pan)
  A catoblepas (shapeshifter) (Vaults:1)
  Erica (Lair:1)
  4 merfolk avatars
  2 catoblepae
  3 death knights
  4 alligator snapping turtles
  4 merfolk aquamancers
  22 dancing weapons
  7 salamander stormcallers
  11 death yaks
  9 deep troll earth magi
  4 shock serpents
  11 spriggan berserkers
  7 tengu warriors
  8 vampire magi
  6 deep troll shamans
  7 spriggans
  A titan zombie (Crypt:1)
  Urug (Orc:1)
  5 orc high priests
  6 thrashing horrors
  6 soul eaters
  16 sun demons (Pan)
  A spectral dire elephant (Crypt:1)
  An iron golem (Zig:4)
  A titan skeleton (Depths:2)
  A fire crab (Zig:7)
  A storm dragon zombie (Vaults:2)
  13 hell knights
  3 wretched stars
  5 ice devils (Pan)
  10 shadow wraiths
  4 iron trolls
  23 deep trolls
  57 skeletal warriors
  28 deep elf knights
  A ghost moth zombie (Zot:3)
  A golden dragon zombie (Crypt:3)
  A spatial maelstrom (Zig:9)
  7 sea snakes
  19 cherubim (Pan)
  4 unseen horrors
  3 gelid demonspawn (Pan)
  2 naga ritualists (Zig:8)
  An unseen horror (shapeshifter) (Depths:1)
  5 flayed ghosts
  8 giant orange brains
  3 shadow demons (Pan)
  A shadow dragon zombie (Zig:13)
  12 death scarabs (Zig:11)
  2 swamp dragons (Zig:6)
  3 golden dragon skeletons
  2 anubis guards (shapeshifter)
  4 infernal demonspawn (Pan)
  24 harpies
  21 ironbrand convokers
  Pikel (D:4)
  4 anubis guards
  4 torturous demonspawn (Pan)
  22 deep elf conjurers
  15 deep elf summoners
  A tengu zombie (Depths:2)
  A deathcap (Zot:1)
  A wolf spider zombie (Crypt:3)
  6 putrid demonspawn (Pan)
  2 mana vipers (Zig:12)
  7 wizards
  17 orb spiders
  12 hill giants
  25 necromancers
  83 ugly things
  30 wolf spiders
  A tengu skeleton (Zig:11)
  6 fauns
  14 manticores
  2 oklob plants (Zig:13)
  10 phantasmal warriors
  A worldbinder (Zig:9)
  10 orc sorcerers
  2 fire giant zombies
  5 cyclopes
  A draconian zombie (Zot:3)
  A stone giant zombie (Crypt:2)
  A manticore (shapeshifter) (Depths:4)
  16 shining eyes
  8 sixfirhies (Pan)
  17 griffons
  4 human zombies
  18 orc knights
  A shadow dragon skeleton (Zig:13)
  29 moths of wrath
  2 water nymphs
  A black mamba (shapeshifter) (Vaults:5)
  A salamander (Zig:12)
  An elephant (shapeshifter) (Vaults:1)
  13 black mambas
  12 sirens
  An iron dragon skeleton (Crypt:1)
  A shock serpent zombie (Crypt:3)
  2 stone giant skeletons
  9 hornets
  2 apocalypse crabs
  A spriggan zombie (Zig:11)
  7 eyes of devastation
  Joseph (D:14)
  13 elephants
  4 guardian serpents
  An eye of devastation (shapeshifter) (Elf:1)
  A dire elephant zombie (Crypt:1)
  5 frost giant skeletons
  A storm dragon simulacrum (Crypt:1)
  12 smoke demons
  14 spiny frogs
  2 naga magi
  16 vault sentinels
  4 rust devils
  8 drowned souls (Shoals:1)
  A gargoyle (Zig:4)
  A titan simulacrum (Depths:3)
  3 torpor snails
  24 orange demons
  An orange crystal statue (D:13)
  An octopode (shapeshifter) (Vaults:5)
  4 kobold demonologists
  A spiny frog (shapeshifter) (D:14)
  5 centaur skeletons
  2 dire elephant skeletons
  28 demonic crawlers
  8 tengu conjurers
  8 fire drakes
  An elf (shapeshifter) (Depths:2)
  A redback zombie (Vaults:2)
  14 komodo dragons
  4 hellions
  13 red devils
  5 tormentors
  45 yaktaurs
  A minotaur zombie (Crypt:2)
  18 deep elf priests
  23 jumping spiders
  8 trolls
  18 hellwings
  11 freezing wraiths
  8 guardian mummies (Zig:11)
  49 merfolk
  2 elf skeletons
  8 polar bears (Lair:8)
  2 ancient zymes
  2 tengu simulacra
  An entropy weaver zombie (Vaults:3)
  A sphinx simulacrum (Depths:3)
  A fire vortex (Vaults:5)
  7 raiju
  2 wandering mushrooms
  6 blue devils
  12 ravens
  5 blink frogs (Lair:7)
  89 slime creatures
  2 wind drakes
  A queen bee (Depths:2)
  3 boulder beetles
  A fire giant simulacrum (Crypt:2)
  A boulder beetle (shapeshifter) (Depths:5)
  4 ushabtiu (Zig:11)
  19 two-headed ogres
  An ettin zombie (Vaults:4)
  24 trapdoor spiders
  2 bog bodies (Crypt:2)
  A fire dragon zombie (Crypt:3)
  15 snapping turtles
  A trapdoor spider (shapeshifter) (Vaults:1)
  5 air elementals
  32 large abominations
  Sigmund (D:5)
  A black mamba zombie (Crypt:3)
  60 redbacks
  49 flying skulls
  4 vampires
  6 fire elementals
  5 shadows
  44 yaks
  8 ynoxinuls
  3 ettin skeletons
  2 humans (shapeshifter)
  2 yaks (shapeshifter)
  A tarantella (shapeshifter) (D:14)
  20 water elementals
  15 hippogriffs
  27 tarantellas
  12 golden eyes
  18 humans
  3 wyverns
  45 deep elf fighters
  10 wraiths
  4 basilisks
  Grum (D:10)
  25 wolves
  27 vampire mosquitoes
  23 deep elf magi
  A steam dragon (Zig:6)
  2 hogs (shapeshifter)
  A wyvern (shapeshifter) (Vaults:1)
  16 neqoxecs
  4 hogs (Shoals:1)
  5 chaos spawn
  Menkaure (D:4)
  A deep troll zombie (Crypt:2)
  A yaktaur simulacrum (Vaults:1)
  15 wargs
  2 nagas (Zig:12)
  A soldier ant (D:14)
  8 porcupines
  Edmund (D:6)
  The ghost of Ontamu the Insei, an average OpTm (D:3)
  8 hell hounds
  13 water moccasins
  A water nymph skeleton (Crypt:1)
  5 hungry ghosts
  3 mottled dragons
  Duvessa (D:7)
  10 eyes of draining
  34 spiders
  50 orc warriors
  2 ice beasts (D:13)
  A spriggan simulacrum (Depths:2)
  A trapdoor spider simulacrum (D:14)
  A phantom (D:10)
  An ettin simulacrum (Crypt:3)
  13 black bears
  A wasp (shapeshifter) (Vaults:3)
  33 boggarts
  12 wasps
  70 ogres
  3 slaves (D:3)
  A deep troll simulacrum (Depths:1)
  8 starcursed masses (Zig:7)
  3 human skeletons
  21 centaurs
  A snapping turtle skeleton (Crypt:3)
  13 necrophages
  2 sky beasts
  3 brain worms
  A giant frog (shapeshifter) (Vaults:4)
  An orc skeleton (Vaults:2)
  16 giant frogs
  A gnoll sergeant (D:8)
  17 crocodiles
  A brain worm (shapeshifter) (Vaults:5)
  Dowan (D:7)
  3 big kobolds
  A wyvern skeleton (D:14)
  A wyvern zombie (D:12)
  10 small abominations
  A water moccasin skeleton (Crypt:2)
  7 scorpions
  A scorpion (shapeshifter) (Vaults:2)
  An elf simulacrum (Vaults:1)
  18 wights
  A raiju zombie (Crypt:1)
  A glowing shapeshifter simulacrum (Depths:3)
  A troll skeleton (Crypt:1)
  23 killer bees
  An electric eel (D:13)
  A wasp zombie (D:12)
  7 quasits
  3 giant frog zombies
  11 iguanas
  6 iron imps
  39 orc priests
  10 crimson imps
  12 hounds (Lair:8)
  Crazy Yiuf (D:6)
  7 centaur zombies
  4 gnoll shamans (D:3)
  3 giant frog skeletons
  4 human simulacra
  30 jellies
  A black bear skeleton (Crypt:2)
  41 orc wizards
  A lightning spire (Zig:10)
  A porcupine skeleton (Crypt:2)
  30 sheep
  9 hell rats
  14 worker ants
  A killer bee zombie (Crypt:2)
  A hound zombie (D:7)
  20 mummies
  40 gnolls
  11 adders
  60 river rats
  8 shadow imps
  A river rat (shapeshifter) (Vaults:2)
  3 white imps
  3 giant eyeballs (Pan)
  25 ufetubi
  2 oozes (D:1)
  2 adder zombies
  A worm (D:5)
  An adder skeleton (D:7)
  247 orcs
  21 bats
  2 bat skeletons (D:4)
  A bat zombie (D:7)
  9 giant cockroaches
  29 hobgoblins
  28 jackals
  21 kobolds
  6 quokkas
  6 ball pythons
  13 giant geckos
  7 giant newts
  28 goblins
  A quokka skeleton (D:5)
  13 rats
  7 crawling corpses
  5 fungi
  4 grand avatars (Pan)
  A plant (Lair:8)
  A starspawn tentacle (Zig:8)
  5 tentacles (Shoals:2)
  A tentacle segment (Shoals:2)
4302 creatures vanquished.

Vanquished Creatures (others)
  A curse toe (Zot:1)
  A lich (Depths:3)
  A quicksilver dragon (Vaults:5)
  2 frost giants (Vaults:5)
  2 draconian scorchers
  An emperor scorpion (Zig:11)
  A draconian shifter (Zig:9)
  A caustic shrike zombie (Zig:13)
  A caustic shrike skeleton (Zig:13)
  A very ugly thing (Vaults:5)
  3 stone giants (Vaults:5)
  A draconian caller (Zot:4)
  A deep elf annihilator (Zig:8)
  An ettin (Depths:1)
  26 spectral weapons
  A yaktaur captain (Vaults:5)
  2 deep elf high priests
  An entropy weaver (Depths:1)
  5 ogre magi
  A dancing weapon (Crypt:3)
  2 storm dragon zombies (Zig:13)
  A deep troll (Vaults:5)
  2 storm dragon skeletons (Zig:13)
  A skeletal warrior (Crypt:3)
  An unseen horror (Vaults:1)
  A swamp dragon (shapeshifter) (Vaults:5)
  An obsidian statue (Zig:7)
  A phantasmal warrior (Vaults:5)
  A wizard (Zig:8)
  3 necromancers
  A wolf spider (Spider:3)
  An orb spider (Zig:12)
  A mana viper (shapeshifter) (Vaults:5)
  6 drowned souls (Shoals:1)
  A spriggan skeleton (Zig:13)
  4 yaktaurs
  A komodo dragon (shapeshifter) (Vaults:5)
  A wandering mushroom (Zot:1)
  A harpy skeleton (Crypt:3)
  A fire vortex (Vaults:5)
  A raven (Depths:3)
  2 vampires (Zig:13)
  A human (D:14)
  3 flying skulls (Crypt:2)
  A deep elf mage (Zig:10)
  A chaos spawn (Zig:7)
  2 neqoxecs
  A fire elemental (D:14)
  A warg (Vaults:2)
  A human simulacrum (Vaults:2)
  A naga (Depths:1)
  An orc warrior (Vaults:2)
  A spider (Zig:12)
  8 lost souls
  An ogre (Vaults:3)
  A big kobold (Vaults:2)
  A brain worm (Pan)
  2 killer bees (Depths:2)
  A quasit (Pan)
  An orc wizard (D:4)
  A shadow imp (Zig:7)
  A giant eyeball (Pan)
  An ufetubus (Pan)
  2 orcs
  A rat (D:4)
  10 bushes (D:14)
  115 eldritch tentacle segments (Pan)
  6 fungi
  13 plants
  8 starspawn tentacles
  68 starspawn tentacle segments (Zig:7)
  4 tentacles (Shoals:2)
  517 tentacle segments (Shoals:2)
865 creatures vanquished.

Grand Total: 5167 creatures vanquished

Notes
Turn   | Place    | Note
--------------------------------------------------------------
     0 | D:1      | wvc the Human Wanderer began the quest for the Orb.
     0 | D:1      | wvc set off with: a +2 short sword, 2 scrolls of teleportation, a +0 robe, a bread ration
     0 | D:1      | Reached XP level 1. HP: 15/15 MP: 2/2
    84 | D:1      | Reached XP level 2. HP: 20/22 MP: 3/3
   969 | D:1      | Reached XP level 3. HP: 25/27 MP: 4/4
  1644 | D:2      | Found a blossoming altar of Fedhas.
  1678 | D:2      | Reached XP level 4. HP: 7/34 MP: 5/5
  2013 | D:2      | Found a radiant altar of Vehumet.
  2498 | D:3      | Reached XP level 5. HP: 28/41 MP: 6/6
  2553 | D:3      | Reached skill level 1 in Armour
  2703 | D:3      | Reached skill level 1 in Shields
  2849 | D:3      | Reached XP level 6. HP: 26/47 MP: 7/7
  3550 | D:3      | Noticed Ontamu's ghost (average OpTm)
  3551 | D:3      | Noticed an ogre
  3797 | D:3      | Reached skill level 4 in Fighting
  3805 | D:3      | Reached XP level 7. HP: 39/54 MP: 8/8
  4149 | D:3      | Killed Ontamu's ghost
  4370 | D:3      | Reached skill level 5 in Armour
  4551 | D:3      | Reached XP level 8. HP: 45/61 MP: 9/9
  4665 | D:3      | Killed an ogre
  4951 | D:3      | Found a snail-covered altar of Cheibriados.
  4960 | D:3      | Became a worshipper of Cheibriados the Contemplative
  5613 | D:3      | Acquired Cheibriados's first power
  5943 | D:4      | Found Daplaf's Armour Shoppe.
  5959 | D:4      | Bought a +0 pair of gloves for 58 gold pieces
  6021 | D:4      | Reached skill level 6 in Armour
  6265 | D:4      | Noticed Menkaure
  6283 | D:4      | Killed Menkaure
  6283 | D:4      | Reached skill level 5 in Fighting
  6569 | D:4      | Noticed Pikel
  7053 | D:4      | Found a staircase to the Ecumenical Temple.
  7127 | D:4      | Found Piehaf's Antique Weapon Shoppe.
  7145 | D:4      | Bought a fine falchion for 216 gold pieces
  7145 | D:4      | Identified the +3 falchion "Huoch" {drain, +Blink +Rage rF++ MP-9} (You bought it in a shop on level 4 of the Dungeon)
  7329 | D:4      | Killed Pikel
  7329 | D:4      | Reached XP level 9. HP: 25/68 MP: 1/10
  7940 | D:5      | Entered Level 5 of the Dungeon
  7947 | D:5      | Found a sparkling altar of Nemelex Xobeh.
  8483 | D:5      | Acquired Cheibriados's second power
  8667 | D:5      | Noticed Sigmund
  8677 | D:5      | Killed Sigmund
  8677 | D:5      | Reached skill level 7 in Shields
  9134 | D:6      | Found a glowing silver altar of Zin.
  9257 | D:6      | Noticed Edmund
  9259 | D:6      | Acquired Cheibriados's third power
  9267 | D:6      | Killed Edmund
  9389 | D:6      | Noticed Crazy Yiuf
  9396 | D:6      | Killed Crazy Yiuf
  9526 | D:6      | Reached skill level 5 in Long Blades
  9915 | D:6      | Acquired Cheibriados's fourth power
 10185 | D:7      | Reached XP level 10. HP: 69/74 MP: 2/11
 10373 | D:7      | Reached skill level 8 in Shields
 10799 | D:7      | Noticed Duvessa
 10800 | D:7      | Noticed Dowan
 10806 | D:7      | Killed Duvessa
 10814 | D:7      | Killed Dowan
 11231 | D:8      | Found a blossoming altar of Fedhas.
 11265 | D:8      | Found a shadowy altar of Dithmenos.
 11266 | D:8      | Found a shattered altar of Ashenzari.
 11267 | D:8      | Found a glowing golden altar of the Shining One.
 11370 | D:8      | Found a deep blue altar of Sif Muna.
 11890 | D:8      | Found a stormy altar of Qazlal.
 12275 | D:9      | Reached skill level 9 in Long Blades
 12280 | D:9      | Reached XP level 11. HP: 59/79 MP: 3/12
 12426 | D:9      | Found a sacrificial altar of Ru.
 12474 | D:9      | Found a shadowy altar of Dithmenos.
 12699 | D:9      | Learned a level 2 spell: Repel Missiles
 12729 | D:9      | Reached skill level 1 in Invocations
 12780 | D:9      | Noticed Gastronok
 12802 | D:8      | Killed Gastronok
 12802 | D:8      | Reached skill level 10 in Long Blades
 12991 | D:10     | Entered Level 10 of the Dungeon
 13015 | D:10     | Noticed Harold
 13035 | D:10     | Killed Harold
 13035 | D:10     | Reached skill level 11 in Long Blades
 13069 | D:10     | Gained mutation: You evolve. [potion of mutation]
 13069 | D:10     | Gained mutation: You have a somewhat thin skeletal structure (Dex +2, Stealth). [potion of mutation]
 13069 | D:10     | Lost mutation: You have a somewhat thin skeletal structure (Dex +2, Stealth). [potion of mutation]
 13152 | D:10     | Found an iron altar of Okawaru.
 13293 | D:10     | Noticed Grum
 13317 | D:10     | Killed Grum
 13617 | D:10     | Found a staircase to the Lair.
 13787 | D:11     | Noticed a hill giant
 13796 | D:11     | Killed a hill giant
 13796 | D:11     | Reached XP level 12. HP: 86/86 MP: 5/14
 13995 | D:11     | Reached skill level 12 in Long Blades
 14100 | D:11     | Gained mutation: You are clumsy. (Dex -2) [evolution]
 14697 | D:11     | Reached skill level 10 in Shields
 15005 | Lair:1   | Entered Level 1 of the Lair of Beasts
 15265 | Lair:1   | Noticed Erica
 15279 | Lair:1   | Killed Erica
 15291 | Lair:1   | Reached skill level 5 in Invocations
 15453 | Lair:1   | Reached skill level 13 in Long Blades
 16311 | Lair:2   | Reached XP level 13. HP: 91/91 MP: 17/17
 16581 | Lair:3   | Reached skill level 14 in Long Blades
 16657 | Lair:3   | Found a dark tunnel.
 16676 | Volcano  | Entered a volcano
 17020 | Lair:3   | Found a hole to the Spider Nest.
 17910 | Lair:4   | Noticed Maud
 17925 | Lair:4   | Killed Maud
 18099 | Lair:4   | Reached skill level 5 in Dodging
 18103 | Lair:4   | Gained mutation: You can spit weak poison. [evolution]
 18108 | Lair:4   | Noticed Josephine
 18121 | Lair:4   | Killed Josephine
 18247 | Lair:4   | Found a staircase to the Shoals.
 18834 | Lair:5   | Reached XP level 14. HP: 97/100 MP: 19/19
 19041 | Lair:5   | Noticed Rupert
 19047 | Lair:5   | Killed Rupert
 20216 | Lair:6   | Lost mutation: You are clumsy. (Dex -2) [evolution]
 20216 | Lair:6   | Lost mutation: You evolve. [end of evolution]
 21393 | Lair:7   | Got a faintly glowing leather armour
 21394 | Lair:7   | Identified the +2 leather armour "Xumiddom" {rC+ rN+ SInv} (You found it on level 7 of the Lair of Beasts)
 21512 | Lair:8   | Entered Level 8 of the Lair of Beasts
 21622 | Lair:8   | Found a staircase to the Slime Pits.
 21942 | Lair:8   | Identified a scroll of acquirement
 21943 | Lair:8   | Got a faintly glowing double sword
 21952 | Lair:8   | Identified the +3 double sword "Uborryo" {venom, rC+ Str-5 Int+6} (You acquired it on level 8 of the Lair of Beasts)
 21996 | Lair:8   | Reached XP level 15. HP: 75/109 MP: 21/21
 22899 | D:12     | Reached skill level 15 in Shields
 22906 | D:12     | Found a staircase to the Orcish Mines.
 22911 | Orc:1    | Entered Level 1 of the Orcish Mines
 22967 | Orc:1    | Noticed Urug
 22977 | Orc:1    | Killed Urug
 23460 | Orc:3    | Found a roughly hewn altar of Beogh.
 23539 | Orc:4    | Entered Level 4 of the Orcish Mines
 23631 | Orc:4    | Noticed an orc warlord
 23645 | Orc:4    | Killed an orc warlord
 24357 | Orc:4    | Noticed an orc warlord
 25093 | Orc:4    | Killed an orc warlord
 25132 | Orc:4    | Found Kyenytau's General Store.
 25133 | Orc:4    | Found Lees's Book Shop.
 25134 | Orc:4    | Found Sucecas's Antique Armour Shop.
 25134 | Orc:4    | Found Iwidefo's Antique Weapon Boutique.
 25138 | Orc:4    | Bought an ichor-stained chain mail for 209 gold pieces
 25148 | Orc:4    | Bought a potion of resistance for 150 gold pieces
 25173 | Orc:4    | Upgraded the game from 0.17-a0-1037-gbf358b4 to 0.17-a0-1046-ga09e34d
 25236 | Orc:3    | Reached skill level 10 in Fighting
 25433 | Orc:3    | Found a staircase to the Elven Halls.
 26601 | D:13     | Identified the +6 chain mail of Fiaploem {rN+ Str+4} (You bought it in a shop on level 4 of the Orcish Mines)
 26754 | D:13     | Learned a level 6 spell: Statue Form
 26762 | D:13     | Reached XP level 16. HP: 124/124 MP: 22/22
 27205 | D:13     | You fall through a shaft for 2 floors!
 27205 | D:15     | Entered Level 15 of the Dungeon
 27298 | D:14     | Reached skill level 1 in Transmutations
 27303 | D:14     | Noticed Joseph
 27318 | D:14     | Killed Joseph
 27924 | D:14     | Paralysed by something for 6 turns
 28004 | D:14     | Reached skill level 10 in Armour
 28351 | D:14     | Found a gate to the Vaults.
 29067 | D:15     | Found a staircase to the Depths.
 29864 | D:13     | Reached XP level 17. HP: 133/133 MP: 23/23
 29994 | Lair:1   | Reached skill level 5 in Earth Magic
 30112 | Spider:1 | Entered Level 1 of the Spider Nest
 30157 | Spider:1 | Noticed Nikola
 30442 | Spider:1 | Killed Nikola
 30539 | Spider:1 | Gained mutation: Your flesh is heat resistant. [potion of beneficial mutation]
 31027 | Spider:1 | Reached skill level 5 in Transmutations
 31569 | Spider:2 | Noticed Louise
 31590 | Spider:2 | Cast into the Abyss (Louise)
 31611 | Abyss:1  | Noticed a profane servitor
 31634 | Abyss:1  | Killed a profane servitor
 31778 | Spider:2 | Escaped the Abyss
 31795 | Spider:2 | Killed Louise
 32224 | Spider:3 | Noticed Roxanne
 32276 | Spider:3 | HP: 3/135 [Roxanne/orb of energy (43)]
 32892 | Spider:3 | Killed Roxanne
 32898 | Spider:3 | Learned a level 2 spell: Stoneskin
 32953 | Spider:3 | Noticed Arachne
 33042 | Spider:2 | Reached skill level 16 in Shields
 33459 | Spider:4 | Entered Level 4 of the Spider Nest
 33870 | Spider:4 | Reached XP level 18. HP: 68/142 MP: 24/24
 34421 | Spider:4 | Reached skill level 17 in Shields
 35081 | Spider:4 | Got a gossamer rune of Zot
 35261 | Lair:3   | Upgraded the game from 0.17-a0-1046-ga09e34d to 0.17-a0-1056-g838d5c0
 35306 | Shoals:1 | Entered Level 1 of the Shoals
 35366 | Shoals:1 | Found Ysunoh's Antique Armour Shop.
 35393 | Shoals:1 | Bought a pair of runed gloves for 144 gold pieces
 35393 | Shoals:1 | Bought a warped ring mail for 288 gold pieces
 35393 | Shoals:1 | Bought a pair of runed gloves for 144 gold pieces
 35455 | Shoals:1 | Identified the cursed +0 ring mail of Courage {rElec MR- Slay+3} (You bought it in a shop on level 1 of the Shoals)
 35850 | Shoals:1 | Noticed Kirke
 36404 | Shoals:1 | Reached skill level 18 in Shields
 37470 | Shoals:3 | Noticed Jorgrun
 37482 | Shoals:3 | Killed Jorgrun
 37815 | Shoals:3 | Noticed Polyphemus
 37836 | Shoals:3 | Killed Polyphemus
 38141 | Shoals:3 | Found a shimmering altar of Xom.
 38188 | Shoals:3 | Reached skill level 19 in Shields
 38225 | Shoals:3 | Reached XP level 19. HP: 112/148 MP: 25/25
 38483 | Shoals:4 | Entered Level 4 of the Shoals
 38487 | Shoals:4 | Noticed Ilsuiw
 38518 | Shoals:4 | Killed Ilsuiw
 39201 | Shoals:4 | Reached skill level 20 in Shields
 39205 | Shoals:4 | Got a barnacled rune of Zot
 40210 | Shoals:1 | Killed Kirke
 40567 | Elf:1    | Entered Level 1 of the Elven Halls
 40585 | Elf:1    | Got a smoking rapier
 40586 | Elf:1    | Identified the +8 rapier of Hojo {pierce, MR+ Dex+4 Stlth+} (You found it on level 1 of the Elven Halls)
 40940 | Elf:1    | Noticed Frances
 40952 | Elf:1    | Killed Frances
 40969 | Elf:1    | Noticed Azrael
 40983 | Elf:1    | Killed Azrael
 41197 | Elf:1    | Reached skill level 21 in Shields
 41227 | Elf:1    | Reached XP level 20. HP: 43/155 MP: 26/26
 41401 | Elf:1    | Noticed a Brimstone Fiend
 41542 | Elf:1    | Found a deep blue altar of Sif Muna.
 41691 | Elf:2    | Found Ryoprez's Weapon Shop.
 41885 | Elf:2    | Noticed Norris
 41906 | Elf:2    | Killed Norris
 41992 | Elf:2    | Found a runed gate.
 42041 | Elf:2    | Learned a level 1 spell: Apportation
 42105 | Elf:2    | Found a runed gate.
 42105 | Elf:2    | Found a runed gate.
 42178 | Elf:2    | Found Curianil's Elven Fire.
 42280 | Elf:3    | Entered Level 3 of the Elven Halls
 42492 | Elf:3    | Found Hyg Okaf's Gadget Emporium.
 42500 | Elf:3    | Bought a wand of teleportation (4) for 432 gold pieces
 42600 | Elf:3    | Reached skill level 22 in Shields
 42941 | Elf:3    | Reached skill level 5 in Spellcasting
 43381 | Elf:3    | Got a glittering lapis lazuli ring
 43383 | Elf:3    | Identified the ring "Zyotadiq" {Fire MR+} (You took it off a deep elf sorcerer on level 3 of the Elven Halls)
 43443 | Elf:3    | Reached XP level 21. HP: 162/162 MP: 29/29
 43496 | Elf:3    | Identified the Incunabulum of Supportive Arcane Weapons
 43556 | Elf:3    | Identified the Catalogue of Torrid Unholy Magic
 43578 | Elf:3    | Got a heavily runed plate armour
 43589 | Elf:3    | Identified the +5 plate armour of Xeplum {+Blink rN+ Regen+ Int-3} (You found it on level 3 of the Elven Halls)
 43683 | Elf:3    | Found Rotigooq's Food Shoppe.
 43763 | Elf:3    | Found Loaf's General Store.
 43770 | Elf:3    | Bought a scroll of immolation for 49 gold pieces
 43770 | Elf:3    | Bought a scroll of enchant armour for 105 gold pieces
 43770 | Elf:3    | Bought a scroll of enchant weapon for 105 gold pieces
 44721 | Vaults:1 | Entered Level 1 of the Vaults
 44877 | Vaults:1 | Reached skill level 10 in Dodging
 45105 | Vaults:1 | Found Verueck's Weapon Shop.
 45677 | Vaults:1 | Found Xamuwy Xucu's Gadget Shoppe.
 45956 | Vaults:2 | Reached XP level 22. HP: 172/172 MP: 32/32
 46311 | Vaults:2 | Found a staircase to the Crypt.
 46592 | Vaults:2 | Reached skill level 1 in Air Magic
 47059 | Vaults:2 | Found a glowing silver altar of Zin.
 47259 | Vaults:2 | Got a faintly humming plate armour
 47270 | Vaults:2 | Identified the +1 plate armour "Isudor" {rC- MR++ MP+9 Str+3} (You took it off a vault warden on level 2 of the Vaults)
 47361 | Vaults:2 | Reached skill level 10 in Transmutations
 47445 | Vaults:2 | Got a heavily runed amber ring
 47448 | Vaults:2 | Identified the cursed ring "Zimp" {*Drain +Inv rElec rN+++ AC-5} (You took it off an ironheart preserver on level 2 of the Vaults)
 47557 | Vaults:2 | Learned a level 4 spell: Control Teleport
 47973 | Vaults:3 | Reached XP level 23. HP: 169/179 MP: 36/36
 48587 | Vaults:3 | Found a glowing silver altar of Zin.
 48627 | Vaults:3 | Noticed Asterion
 48641 | Vaults:3 | Killed Asterion
 49275 | Vaults:4 | Reached skill level 10 in Earth Magic
 49288 | Vaults:4 | Reached skill level 10 in Spellcasting
 49787 | Vaults:4 | Noticed Pikaro's ghost (great TeAE)
 49802 | Vaults:4 | Killed Pikaro's ghost
 50148 | Vaults:4 | Reached XP level 24. HP: 187/187 MP: 31/38
 50487 | Vaults:5 | Entered Level 5 of the Vaults
 50492 | Vaults:5 | Noticed an ancient lich
 50505 | Vaults:5 | Killed an ancient lich
 50852 | Vaults:5 | Reached XP level 25. HP: 193/193 MP: 40/40
 50880 | Vaults:5 | Identified the Handbook of the Lucky Frostbite
 50885 | Vaults:5 | Learned a level 3 spell: Spectral Weapon
 50936 | Vaults:5 | Reached skill level 1 in Charms
 50942 | Vaults:5 | Noticed an ancient lich
 50958 | Vaults:5 | Killed an ancient lich
 51150 | Vaults:5 | Reached skill level 15 in Fighting
 51206 | Vaults:5 | Found Gacigo's Armour Shoppe.
 51213 | Vaults:5 | Bought the +4 cloak of Ficedghadd {Slay+3} for 837 gold pieces
 51223 | Vaults:5 | Bought the +8 orange crystal plate armour {Archmagi, Int+3 Clar SustAb} for 2601 gold pieces
 51738 | Vaults:5 | Identified the Grimoire of the Pink Corner
 51743 | Vaults:5 | Learned a level 3 spell: Regeneration
 51760 | Vaults:5 | Identified the Almanac of Captivating Ice (You found it on level 5 of the Vaults)
 51794 | Vaults:5 | Got a silver rune of Zot
 51804 | Vaults:5 | Got a translucent falchion
 51805 | Vaults:5 | Identified the cursed +2 falchion of a treasure trove {drain, Str+4} (You found it on level 5 of the Vaults)
 52072 | Vaults:5 | Learned a level 2 spell: Blink
 52422 | Depths:1 | Entered Level 1 of the Depths
 52422 | Depths:1 | Found a one-way gate leading to the halls of Pandemonium.
 52423 | Depths:1 | Found a gateway to a ziggurat.
 52612 | Depths:1 | Found a gateway to Hell.
 52707 | Depths:1 | Found Jokuafus's Serpentskin Sales.
 52719 | Depths:1 | Found a one-way gate to the infinite horrors of the Abyss.
 53175 | Depths:2 | Reached XP level 26. HP: 175/201 MP: 38/40
 53429 | Depths:2 | Reached skill level 15 in Armour
 54069 | Depths:2 | Found a runed door.
 54130 | Depths:2 | Got a transparent copper ring
 54133 | Depths:2 | Identified the ring "Fiygg" {rC- Int+6 SInv Stlth-} (You took it off a tengu reaver on level 2 of the Depths)
 54479 | Depths:2 | Gained mutation: You are agile. (Dex +2) [potion of beneficial mutation]
 54843 | Depths:2 | Got a fine bone amulet
 54855 | Depths:2 | Got a translucent plate armour
 54866 | Depths:2 | Identified the +5 plate armour "Otot" {rCorr Str-4 SInv} (You found it on level 2 of the Depths)
 55428 | Depths:2 | Identified the amulet "Ciogiwnu" {Faith +Fly rElec rF- SInv} (You took it off a yaktaur on level 2 of the Depths)
 55950 | Depths:3 | Reached XP level 27. HP: 152/207 MP: 40/40
 57791 | Depths:5 | Entered Level 5 of the Depths
 58467 | Depths:5 | Found a gate to the Realm of Zot.
 58512 | Depths:5 | Got a warped lapis lazuli ring
 58514 | Depths:5 | Identified the ring "Atolig" {rC+ rN++ MP+9 AC+3 Dex-2} (You found it on level 5 of the Depths)
 58546 | Depths:5 | Gained mutation: You can translocate small distances at will. [potion of beneficial mutation]
 59743 | Slime:1  | Entered Level 1 of the Pits of Slime
 59760 | Slime:1  | Gained mutation: You tend to lose your temper in combat. [a shining eye]
 59871 | Slime:2  | Gained mutation: You are frail (-10% HP). [a shining eye]
 59880 | Slime:2  | Gained mutation: Your body sometimes deteriorates upon taking damage. [a shining eye]
 59884 | Slime:2  | Lost mutation: You are frail (-10% HP). [potion of cure mutation]
 59884 | Slime:2  | Lost mutation: You are agile. (Dex +2) [potion of cure mutation]
 59884 | Slime:2  | Lost mutation: You tend to lose your temper in combat. [potion of cure mutation]
 59884 | Slime:2  | Lost mutation: Your flesh is heat resistant. [potion of cure mutation]
 59914 | Slime:1  | Lost mutation: You can translocate small distances at will. [potion of cure mutation]
 59914 | Slime:1  | Lost mutation: You can spit weak poison. [potion of cure mutation]
 59914 | Slime:1  | Lost mutation: Your body sometimes deteriorates upon taking damage. [potion of cure mutation]
 60288 | Slime:6  | Entered Level 6 of the Pits of Slime
 60370 | Slime:5  | Noticed Githyanki's ghost (mighty DDFi)
 60382 | Slime:5  | Killed Githyanki's ghost
 60391 | Slime:6  | Noticed the royal jelly
 60397 | Slime:5  | Reached skill level 23 in Armour
 60887 | Slime:6  | Killed the royal jelly
 61172 | Slime:6  | Got a slimy rune of Zot
 61750 | D:13     | Reached skill level 1 in Necromancy
 61914 | Crypt:1  | Entered Level 1 of the Crypt
 62831 | Crypt:1  | Found an ancient bone altar of Kikubaaqudgha.
 63367 | Crypt:2  | Reached skill level 5 in Necromancy
 63804 | Crypt:3  | Entered Level 3 of the Crypt
 63834 | Crypt:3  | Noticed Sojobo
 63924 | Crypt:2  | Killed Sojobo
 63991 | Crypt:3  | Reached skill level 24 in Armour
 64228 | Crypt:3  | Reached skill level 15 in Long Blades
 64270 | Crypt:3  | Noticed an ancient lich
 64288 | Crypt:3  | Killed an ancient lich
 64356 | Crypt:3  | Found an ancient bone altar of Kikubaaqudgha.
 64522 | Crypt:3  | Found a staircase to the Tomb.
 64684 | Crypt:3  | Noticed an ancient lich
 64698 | Crypt:3  | Killed an ancient lich
 65360 | Elf:3    | Bought a Necronomicon for 1545 gold pieces
 66751 | Zig:1    | Entered Level 1 of a ziggurat
 66782 | Zig:2    | Entered Level 2 of a ziggurat
 66842 | Zig:3    | Entered Level 3 of a ziggurat
 66880 | Zig:4    | Entered Level 4 of a ziggurat
 66942 | Zig:5    | Entered Level 5 of a ziggurat
 67013 | Zig:6    | Entered Level 6 of a ziggurat
 67062 | Zig:6    | Got a coiled platinum ring
 67069 | Zig:6    | Identified the ring of Xisixi {rElec rF+ Str+5 Stlth-} (You found it on level 6 of a ziggurat)
 67076 | Zig:7    | Entered Level 7 of a ziggurat
 67117 | Zig:7    | Got a pitted gossamer ring
 67119 | Zig:7    | Identified the ring "Pywigill" {Str+2 Stlth+} (You found it on level 7 of a ziggurat)
 67145 | Zig:8    | Entered Level 8 of a ziggurat
 67237 | Zig:9    | Entered Level 9 of a ziggurat
 67245 | Zig:9    | Noticed a greater mummy
 67486 | Depths:1 | Reached skill level 10 in Necromancy
 67606 | Zot:1    | Entered Level 1 of the Realm of Zot
 69923 | Zot:3    | Reached skill level 15 in Spellcasting
 70873 | Zot:4    | Learned a level 8 spell: Necromutation
 71743 | Zot:5    | Entered Level 5 of the Realm of Zot
 71978 | Zot:5    | Noticed an ancient lich
 71989 | Zot:5    | Killed an ancient lich
 72005 | Zot:5    | Noticed an ancient lich
 72020 | Zot:5    | Killed an ancient lich
 72538 | Pan      | Entered Pandemonium
 72561 | Pan      | Noticed Pyffiak the pandemonium lord
 72567 | Pan      | Killed Pyffiak the pandemonium lord
 72724 | Pan      | Found a gateway to a ziggurat.
 72733 | Zig:1    | Entered Level 1 of a ziggurat
 72783 | Zig:2    | Entered Level 2 of a ziggurat
 72825 | Zig:3    | Entered Level 3 of a ziggurat
 72867 | Zig:4    | Entered Level 4 of a ziggurat
 72923 | Zig:4    | Learned a level 7 spell: Dragon Form
 72933 | Zig:5    | Entered Level 5 of a ziggurat
 72978 | Zig:5    | Got an ancient wooden ring
 72980 | Zig:5    | Identified the ring of Pesmed {Fire Str+2 Stlth+} (You found it on level 5 of a ziggurat)
 73081 | Zig:6    | Entered Level 6 of a ziggurat
 73152 | Zig:7    | Entered Level 7 of a ziggurat
 73238 | Zig:7    | Reached skill level 15 in Necromancy
 73246 | Zig:8    | Entered Level 8 of a ziggurat
 73318 | Zig:8    | Identified the Disquisition on Flames and Darkness
 73332 | Zig:9    | Entered Level 9 of a ziggurat
 73548 | Zig:10   | Entered Level 10 of a ziggurat
 73576 | Zig:10   | Reached skill level 5 in Charms
 73606 | Zig:10   | Got a serpentine turquoise ring
 73610 | Zig:10   | Identified the cursed ring of Pyefuis {rF++ Str-2 Int-3 Stlth+} (You found it on level 10 of a ziggurat)
 73617 | Zig:11   | Entered Level 11 of a ziggurat
 73640 | Zig:11   | Noticed a greater mummy
 73642 | Zig:11   | Noticed a greater mummy
 73645 | Zig:11   | Noticed a greater mummy
 73661 | Zig:11   | Killed a greater mummy
 73661 | Zig:11   | Killed a greater mummy
 73671 | Zig:11   | Killed a greater mummy
 73672 | Zig:11   | Noticed a greater mummy
 73684 | Zig:11   | Killed a greater mummy
 73741 | Zig:11   | Got a smoking jade amulet
 73742 | Zig:11   | Identified the amulet of Jugeff {Inacc MR+ Str+4} (You found it on level 11 of a ziggurat)
 73768 | Zig:12   | Entered Level 12 of a ziggurat
 73908 | Zig:12   | Got a heavily runed cloak
 73919 | Zig:12   | Identified the cursed -2 cloak "Beme" {*Contam Int+3 Dex+4} (You found it on level 12 of a ziggurat)
 73938 | Zig:13   | Entered Level 13 of a ziggurat
 74253 | Zig:13   | Identified Sif Muna's Tome of Air and Enhancements (You found it on level 13 of a ziggurat)
 74268 | Pan      | Gained mutation: Armour fits poorly on your strangely shaped body. [a neqoxec]
 74269 | Pan      | Lost mutation: Armour fits poorly on your strangely shaped body. [potion of cure mutation]
 74269 | Pan      | Gained mutation: Armour fits poorly on your strangely shaped body. [a neqoxec]
 74270 | Pan      | Lost mutation: Armour fits poorly on your strangely shaped body. [potion of cure mutation]
 74326 | Pan      | Reached skill level 1 in Translocations
 74362 | Pan      | Found a runed door.
 74546 | Pan      | Noticed Wonyril the pandemonium lord
 74554 | Pan      | Killed Wonyril the pandemonium lord
 74554 | Pan      | Reached skill level 15 in Transmutations
 74587 | Pan      | Reached skill level 15 in Dodging
 75381 | Pan      | Found a white marble altar of Elyvilon.
 76252 | Pan      | Learned a level 9 spell: Shatter
 76342 | Pan      | Noticed a seraph
 76388 | Pan      | Killed a seraph
 76416 | Pan      | Found a glowing golden altar of the Shining One.
 76427 | Pan      | Got a demonic rune of Zot
 76433 | Pan      | Identified Juomiclu's Disquisition on Vitriolic Transformation (You found it in Pandemonium)
 76666 | Pan      | Found a glowing silver altar of Zin.
 76725 | Pan      | Upgraded the game from 0.17-a0-1056-g838d5c0 to 0.17-a0-1069-g92ad481
 76736 | Pan      | Got a warped large shield
 76747 | Pan      | Identified the +1 large shield "Duli" {Dex+6} (You took it off a daeva in Pandemonium)
 77221 | Pan      | Entered the realm of Mnoleg.
 77298 | Pan      | Gained mutation: Scrolls take you a little longer to read. [a neqoxec]
 77317 | Pan      | Noticed Mnoleg
 77346 | Pan      | Killed Mnoleg
 77378 | Pan      | Got a glowing rune of Zot
 77422 | Pan      | Gained mutation: Your magical capacity is low (-10% MP). [a shining eye]
 77431 | Pan      | Gained mutation: Potions and wands are less effective at restoring your health. [a neqoxec]
 77441 | Pan      | Paralysed by a giant eyeball for 2 turns
 77482 | Pan      | Lost mutation: Potions and wands are less effective at restoring your health. [potion of cure mutation]
 77482 | Pan      | Lost mutation: Your magical capacity is low (-10% MP). [potion of cure mutation]
 77482 | Pan      | Lost mutation: Scrolls take you a little longer to read. [potion of cure mutation]
 77602 | Pan      | Reached skill level 10 in Charms
 77633 | Pan      | Reached skill level 25 in Armour
 77838 | Pan      | Noticed Pelu the pandemonium lord
 77847 | Pan      | Killed Pelu the pandemonium lord
 78008 | Pan      | Found an exit through the horrors of the Abyss.
 78222 | Pan      | Found a gateway to a ziggurat.
 78236 | Zig:1    | Entered Level 1 of a ziggurat
 78257 | Zig:2    | Entered Level 2 of a ziggurat
 78285 | Zig:3    | Entered Level 3 of a ziggurat
 78334 | Zig:3    | Learned a level 5 spell: Silence
 78347 | Zig:4    | Entered Level 4 of a ziggurat
 78410 | Zig:5    | Entered Level 5 of a ziggurat
 78505 | Zig:5    | Got a scorched mottled dragon armour
 78516 | Zig:5    | Identified the +1 mottled dragon armour "Bitraw" {rC+ rN+ MR-} (You found it on level 5 of a ziggurat)
 78542 | Zig:6    | Entered Level 6 of a ziggurat
 78640 | Zig:7    | Entered Level 7 of a ziggurat
 78711 | Zig:8    | Entered Level 8 of a ziggurat
 78912 | Zig:9    | Entered Level 9 of a ziggurat
 78968 | Zig:9    | Got a warped amber ring
 78972 | Zig:9    | Identified the ring "Weqef" {rElec Slay+2 SInv} (You found it on level 9 of a ziggurat)
 78986 | Zig:10   | Entered Level 10 of a ziggurat
 79073 | Zig:11   | Entered Level 11 of a ziggurat
 79085 | Zig:11   | Noticed a greater mummy
 79149 | Zig:11   | Killed a greater mummy
 79365 | Zig:12   | Entered Level 12 of a ziggurat
 79626 | Zig:13   | Entered Level 13 of a ziggurat
 79648 | Zig:13   | HP: 7/224 [hellion/burst of hellfire (21)]
 79654 | Zig:13   | HP: 3/224 [hellion/burst of hellfire (28)]
 79697 | Zig:13   | Identified the Papyrus of Evil
 79709 | Zig:13   | Learned a level 5 spell: Dispel Undead
 80023 | Pan      | Reached skill level 5 in Air Magic
 80043 | Pan      | Found an exit through the horrors of the Abyss.
 80211 | Pan      | Found an exit through the horrors of the Abyss.
 80284 | Pan      | Paralysed by a gelid chaos champion for 2 turns
 80294 | Pan      | Reached skill level 15 in Earth Magic
 80579 | Pan      | Found an exit through the horrors of the Abyss.
 80773 | Pan      | Noticed Dinief the pandemonium lord
 80797 | Pan      | Killed Dinief the pandemonium lord
 80907 | Pan      | Found an exit through the horrors of the Abyss.
 80959 | Pan      | Killed from afar by a Shadow Fiend

Vault maps used:
D:1:      ncdulo_smallfort, patterned_corridor
D:2:      serial_park_square1, nicolae_overflow_hidden_temple, fedhas_altar_3
D:3:      lemuel_castle_with_subvaults, lemuel_coloured_pillars_altar,
          gup_sewer_entry_bubbles
D:4:      minmay_temple_entry_large_hall, serial_shops,
          nicolae_shop_statue_plus, shop_statue, first_bread,
          serial_bayou_lagoon_b, uniq_menkaure, uniq_pikel
D:5:      nemelex_deck, uniq_sigmund
D:6:      basic_altar, uniq_edmund, uniq_crazy_yiuf_cottage
D:7:      grunt_livestock, uniq_duvessa
D:8:      grunt_temple_overflow_forces_of_nature,
          gammafunk_temple_overflow_forgotten, led_sif_book
D:9:      nicolae_ru_path_of_blood, nicolae_dithmenos_the_darkroom,
          uniq_gastronok
D:10:     grunt_lair_entry_elf_guard_hut, okawaru_trees_2, uniq_harold,
          uniq_grum
D:11:     serial_column_ruins, column_ruins_grid_3, column_ruins_grid_4,
          column_ruins_open_tiny, column_ruins_corridor_straight,
          column_ruins_open_tiny, bh_walls_and_bars
D:12:     orc_0_dummy, serial_undead, serial_undead_a, serial_undead_d,
          serial_undead_a, serial_undead_a, serial_undead_e, minivault_10
D:13:     serial_ice, serial_ice_b, serial_ice_d, serial_ice_n, serial_ice_i,
          serial_ice_c, serial_ice_f, minmay_statue_bubble
D:14:     grunt_vaults_entry_tiered, serial_park_square2, sword_in_stone
D:15:     grunt_enter_depths_snipers, serial_park_square2
Lair:1:   minivault_27, hibernation_bobbens, grunt_megastairs_2, uniq_erica
Lair:2:   serial_bayou_shore_a
Lair:3:   nicolae_spider_entry_tight_spaces, enter_volcano_3,
          serial_bayou_shore_b
Lair:4:   elwin_shoals_entry_rocks, eino_small_chamber_without_monster,
          infiniplex_staircase_pool_2, uniq_josephine, uniq_maud
Lair:5:   serial_bayou_shore_b, uniq_rupert
Lair:6:   columned_hall_lemuel
Lair:8:   hangedman_lair_caniforms_friends, minmay_slime_entry_pillars,
          minivault_23, infiniplex_staircase_pool
Shoals:1: serial_shops, nicolae_shop_waterfront, uniq_kirke
Shoals:3: serial_shops, shop, lemuel_centaur_altar, uniq_polyphemus,
          uniq_jorgrun
Shoals:4: shoals_end_simple, shoals_ilsuiw_alternative
Spider:1: uniq_nikola
Spider:2: uniq_louise
Spider:3: nicolae_spider_cling_ruins, uniq_roxanne, uniq_arachne
Spider:4: spider_rune_water
Orc:1:    uniq_urug
Orc:3:    basic_altar, nicolae_orc_pool_cavern
Orc:4:    st_orc_congregation
Elf:1:    orc_legates, david_defended_altar_elf, uniq_frances, uniq_azrael
Elf:2:    serial_shops, shop_statue, nicolae_elf_big_sculpture_3,
          guppyfry_elf_lava, uniq_norris
Elf:3:    minmay_elf_hall_quartered_circle, serial_shops, nicolae_shop_trees,
          nicolae_shop_scaring_up_business, shop, basic_stair_grate_trap
Vaults:1: v_pattern_1, vaults_room_large_hall, nicolae_vaults_murderbox,
          nicolae_vaults_ring_of_whatevers, ontoclasm_vaults_shuriken,
          v_rooms_3, v_misc_33, vaults_mumra_hex, v_misc_30,
          dpeg_vaults_monster_box, serial_shops, nicolae_shop_trees
Vaults:2: v_pattern_2, st_greater_box_1, hangedman_vaults_slice,
          minmay_crypt_entry_simple_box, ontoclasm_vaults_chip,
          nicolae_vaults_three_branches, hangedman_vaults_snaps,
          vaults_dpeg_diagonal, nicolae_vaults_little_squares_3,
          vaults_dpeg_hooks, basic_altar
Vaults:3: nicolae_vaults_diagonal_hallway_6, hangedman_vaults_river_flow,
          v_misc_15, v_misc_2, v_alt_pattern_6, nicolae_vaults_little_squares_4,
          grunt_vaults_diagonal, nicolae_vaults_angled_halls, basic_altar,
          uniq_asterion
Vaults:4: vaults_room_grunt_arrival_ludios,
          vaults_standard_mumra_enter_the_diamond, nicolae_vaults_alarming,
          nicolae_vaults_angled_halls, nicolae_vaults_border_crossing,
          vaults_room_hangedman_quadrants, hangedman_vaults_corner,
          ontoclasm_vaults_eye, nicolae_vaults_little_squares_1,
          nicolae_vaults_little_squares_2, vaults_room_stairs_pillars,
          nicolae_vaults_little_squares_5, ontoclasm_vaults_fault
Crypt:1:  cheibrodos_crypt_eye_of_stone, grunt_crypt_arrival_webbed
Crypt:2:  st_stairs_12
Crypt:3:  cryptofortress_bobbens, uniq_sojobo
Depths:1: enter_ziggurat_b, dk_noncrumbling_3, pan_entry, serial_column_ruins,
          column_ruins_portal_squares, column_ruins_grid_1, column_ruins_grid_1,
          column_ruins_corridor_straight, column_ruins_open_tiny,
          column_ruins_open_small, hell_entry, guppyfry_shop_venom
Depths:2: box_level_dp, hell_entry, pan_entry, serial_shops
Depths:3: minmay_outward_triangles, abyss_entry_crystal, minmay_misc_feat_x,
          rand_demon_pan_entry_9, hell_entry, hangedman_elemental_death_ray,
          infiniplex_staircase_river, firewood_loft
Depths:4: nooodl_glass_maze, kennysheep_nub, abyss_entry, hell_entry,
          spider_trap, minmay_misc_feat_doors, infiniplex_staircase_diamond
Depths:5: grunt_zot_entry_pinwheel, minmay_misc_feat_roman, hell_entry,
          serial_bayou_shore_b, grunt_megastairs_1
Zot:1:    grunt_deathspiral_small
Pan:      lemuel_hellion_island, enter_ziggurat_pan_a, rand_demon_9,
          evilmike_holy_pan, evilmike_mnoleg_eyes, reaverb_pan_squares,
          evilmike_mini_pan_3x3, pan_blood_fountain_small,
          evilmike_mini_pan_thingy, evilmike_mini_pan_pillars,
          enter_ziggurat_pan_b, grunt_pan_sceptre, evilmike_mini_pan_doors_b,
          reaverb_pan_chaos_star, grunt_pan_frozen_over, lemuel_hall_of_pain,
          nicolae_pan_hourglass, uniq_mennas_pan
Zig:2:    ziggurat_pillar_centre_c
Zig:3:    ziggurat_loot_3
Zig:6:    ziggurat_loot_1
Zig:9:    ziggurat_pillar_centre_dead_trees
Zig:13:   ziggurat_pillar_centre_oklobs
Volcano:  volcano_pools

Action                   |  1- 3 |  4- 6 |  7- 9 | 10-12 | 13-15 | 16-18 | 19-21 | 22-24 | 25-27 || total
-------------------------+-------+-------+-------+-------+-------+-------+-------+-------+-------++-------
Melee: Short sword       |   114 |   299 |   415 |       |       |       |       |       |       ||   828
       Falchion          |       |       |   242 |   760 |    39 |       |       |       |       ||  1041
       Dagger            |       |       |    22 |       |       |       |       |       |       ||    22
       Unarmed           |       |       |     2 |       |       |     8 |       |       |       ||    10
       Scimitar          |       |       |       |   118 |   831 |     6 |       |       |       ||   955
       Demon blade       |       |       |       |       |   558 |  1567 |  1614 |  1445 |  5412 || 10596
       Rapier            |       |       |       |       |       |       |    76 |       |     7 ||    83
       Double sword      |       |       |       |       |       |       |     9 |       |  2201 ||  2210
       Staff             |       |       |       |       |       |       |       |       |    33 ||    33
       Eudemon blade     |       |       |       |       |       |       |       |       |    26 ||    26
Throw: Tomahawk          |       |       |    21 |    10 |     6 |    13 |       |       |       ||    50
       Stone             |       |       |     5 |       |       |       |       |       |       ||     5
 Cast: Repel Missiles    |       |       |       |     1 |     1 |       |     6 |     5 |     9 ||    22
       Stoneskin         |       |       |       |       |       |     2 |       |    13 |   100 ||   115
       Statue Form       |       |       |       |       |       |       |       |     9 |    30 ||    39
       Spectral Weapon   |       |       |       |       |       |       |       |       |    45 ||    45
       Regeneration      |       |       |       |       |       |       |       |       |    68 ||    68
       Necromutation     |       |       |       |       |       |       |       |       |     4 ||     4
       Apportation       |       |       |       |       |       |       |       |       |     3 ||     3
       Blink             |       |       |       |       |       |       |       |       |     2 ||     2
       Control Teleport  |       |       |       |       |       |       |       |       |     1 ||     1
       Dragon Form       |       |       |       |       |       |       |       |       |     1 ||     1
       Silence           |       |       |       |       |       |       |       |       |     1 ||     1
Invok: Bend Time         |       |       |       |     3 |     1 |       |       |       |     1 ||     5
       Slouch            |       |       |       |     3 |    16 |    25 |     8 |    13 |    36 ||   101
       Step From Time    |       |       |       |       |       |     2 |       |       |       ||     2
 Abil: End Transformatio |       |       |       |       |       |       |       |       |     4 ||     4
       Breathe Fire      |       |       |       |       |       |       |       |       |     1 ||     1
Evoke: Wand              |       |       |       |     7 |     2 |     3 |    10 |     5 |    33 ||    60
       Lamp of fire      |       |       |       |       |       |     1 |       |       |     1 ||     2
       Phial of floods   |       |       |       |       |       |       |       |       |     1 ||     1
  Use: Scroll            |     5 |     2 |     8 |    14 |    18 |    29 |    13 |    10 |    59 ||   158
       Potion            |       |     1 |     1 |     7 |     4 |    13 |     5 |     3 |    36 ||    70
 Stab: Sleeping          |     1 |     1 |       |     7 |     3 |       |     1 |       |       ||    13
       Confused          |       |       |       |     2 |       |       |       |       |     4 ||     6
       Petrified         |       |       |       |       |       |     2 |       |       |       ||     2
       Petrifying        |       |       |       |       |       |     1 |       |       |       ||     1
       Invisible         |       |       |       |       |       |     5 |       |     1 |    12 ||    18
       Distracted        |       |       |       |       |       |       |     3 |     2 |     6 ||    11
       Paralysed         |       |       |       |       |       |       |       |       |     2 ||     2
  Eat: Chunk             |     2 |     4 |    10 |     7 |     4 |     1 |     1 |     2 |     9 ||    40
       Beef jerky        |       |     1 |     1 |     3 |     4 |     6 |     3 |     2 |    11 ||    31
       Fruit             |       |     2 |     3 |       |     4 |     5 |     6 |     2 |     7 ||    29
       Pizza             |       |       |     1 |       |    10 |     1 |       |     1 |     4 ||    17
       Royal jelly       |       |       |       |     1 |       |     4 |     6 |     5 |     8 ||    24
       Bread ration      |       |       |       |       |       |       |       |       |     4 ||     4
       Meat ration       |       |       |       |       |       |       |       |       |     5 ||     5
